 Dungeon Crawl Stone Soup version 0.26.0-10-g1f06aea511 (webtiles) character file.

Game seed: 12077352104030770712

39 CurlyBrace the Grasshopper (level 3, 12/16 HPs)
             Began as a Felid Warper on Jan 14, 2021.
             Quit the game in the Ecumenical Temple.
             The game lasted 00:08:46 (791 turns).

CurlyBrace the Grasshopper (Felid Warper)            Turns: 791, Time: 00:08:46

Health: 12/16      AC:  1    Str:  7    XL:     3   Next: 28%
Magic:  6/7        EV: 19    Int: 15    God:
Gold:   61         SH:  0    Dex: 21    Spells: 4/6 levels left
                                        Lives:  0   Deaths: 0

rFire    . . .     SeeInvis +     - Unarmed
rCold    . . .     Faith    .   (shield unavailable)
rNeg     . . .     Spirit   .   (armour unavailable)
rPois    .         Reflect  .   (helmet unavailable)
rElec    .         Harm     .   (cloak unavailable)
rCorr    .         Rampage  .   (gloves unavailable)
Will     .....                  (boots unavailable)
Stlth    +++.......             (no amulet)
HPRegen  0.05/turn              e - +6 ring of dexterity
MPRegen  0.10/turn              (no ring)

@: quick
A: very small, no armour, no weapons or thrown items, stealth, claws 1, fangs 3,
see invisible, speed 1, shaggy fur 1, sharp paws
a: no special abilities


You were in the Ecumenical Temple.
You visited 2 branches of the dungeon, and saw 5 of its levels.

You collected 61 gold pieces.

Inventory:

Jewellery
 e - a +6 ring of dexterity (left paw)
   (You found it on level 3 of the Dungeon)
Scrolls
 a - 2 scrolls of immolation
 b - a scroll of identify
 c - a scroll of remove curse {unknown}
 d - a scroll of magic mapping {unknown}


   Skills:
 - Level 2.0 Fighting
 - Level 3.2 Dodging
 + Level 2.2 Stealth
 * Level 3.3 Unarmed Combat
 - Level 2.0 Spellcasting
 - Level 4.4 Translocations


You had 4 spell levels left.
You knew the following spells:

 Your Spells              Type           Power        Failure   Level
a - Blink                 Tloc           N/A          5%          2

Your spell library contained the following spells:

 Spells                   Type           Power        Failure   Level
 Gell's Gravitas          Tloc           7%           11%         3
 Lesser Beckoning         Tloc           7%           11%         3
 Teleport Other           Tloc           14%          11%         3
 Passage of Golubria      Tloc           N/A          36%         4


Dungeon Overview and Level Annotations

Branches:
Dungeon (4/15)             Temple (1/1) D:4

Altars:
Ashenzari
Dithmenos
Fedhas
Gozag
Kikubaaqudgha
Makhleb
Nemelex Xobeh
Okawaru
Ru
Sif Muna
Uskayaw
Vehumet
Wu Jian
Xom
Yredelemnul
Zin
The Shining One

Annotations:
D:3 Sigmund


Innate Abilities, Weirdness & Mutations

You cannot wear armour.
You are incapable of wielding weapons or throwing items.
Your paws allow you to move quietly. (Stealth)
You have sharp claws.
You have razor-sharp teeth.
You have supernaturally acute eyesight. (SInv)
You cover ground quickly.
You are covered in fur. (AC +1)
Your sharp claws are effective at attacking unaware monsters.


Message History

There is a staircase back to the Dungeon here.
Unknown command.
Found a shimmering blue altar of Sif Muna and a radiant altar of Vehumet.
There is an ancient bone altar of Kikubaaqudgha here.
You barely miss the leopard gecko. The leopard gecko closely misses you.
Found an ornate altar of the Wu Jian Council.
The leopard gecko hisses menacingly.
There is a shimmering blue altar of Sif Muna here.
Found a basalt altar of Yredelemnul.
Found a glowing golden altar of the Shining One.
There is a broken altar of Ashenzari here.
Found a sparkling altar of Nemelex Xobeh.
Found a burning altar of Makhleb.
There is an iron altar of Okawaru here.
Found a hide-covered altar of Uskayaw.
Found a sacrificial altar of Ru.
There is an opulent altar of Gozag here.
The leopard gecko hisses menacingly.
There is a radiant altar of Vehumet here.
Are you sure you want to abandon this character and quit the game? (Confirm with "yes".)

#.##.###.#
#._.
##.###.##.#
..# ##...#
#...
##...## #..
#._. #._.#
##.#. #._.#
._. #..
#...## #.#
#...# ..
### ####.##
#.# #.####
## ##.###.#
#.#
##l##.##..
##.#.#.#
##@..#
#._.# #...#
#####


You could see a leopard gecko.

Vanquished Creatures
  An ooze (D:3)
  4 orcs
  3 bats
  3 giant cockroaches
  5 goblins
  2 hobgoblins (D:1)
  5 kobolds
  5 rats
28 creatures vanquished.

Notes
Turn   | Place    | Note
-------+----------+-------------------------------------------
     0 | D:1      | CurlyBrace the Felid Warper began the quest for the Orb.
     0 | D:1      | Reached XP level 1. HP: 9/9 MP: 4/4
    56 | D:1      | Reached skill level 1 in Stealth
    72 | D:1      | Reached XP level 2. HP: 8/13 MP: 6/6
    79 | D:1      | Learned a level 2 spell: Blink
   439 | D:3      | Reached XP level 3. HP: 9/16 MP: 7/7
   514 | D:3      | Noticed Sigmund
   679 | D:4      | Found a staircase to the Ecumenical Temple.
   682 | D:4      | Noticed an ogre
   732 | Temple   | Entered the Ecumenical Temple
   791 | Temple   | Quit the game

Illustrated notes

Levels and vault maps discovered:
D:1:      dpeg_arrival_shrine, layout_loops_ring, kennysheep_flooded_box,
          minmay_misc_feat_doors
D:2:      layout_basic, uniq_robin
D:3:      layout_loops_ring, xom_teletrap_fun, uniq_sigmund
D:4:      layout_loops_corners, minmay_temple_entry_water_ring
Temple:   eino_narrow_crystal_temple

Skill      XL: |  1  2 |
---------------+-------+-----
Stealth        | 1 2 |  2.2
Unarmed Combat | 3 |  3.3
Fighting       | |  2.0
Dodging        | |  3.2
Spellcasting   | |  2.0
Translocations | |  4.4

Action                   || total
-------------------------++-------
Melee: Unarmed           ||    75
       Bite              ||     8
       Punch             ||     1
 Cast: Blink             ||    24
  Use: Potion            ||     4
       Scroll            ||     2
 Stab: Sleeping          ||     3
       Distracted        ||     1
Armor: Skin              ||     8
Dodge: Dodged            ||    78
